 Dungeon Crawl Stone Soup version 0.23.2-33-g5129a83184 (webtiles) character file.

Game seed: 13140462360792494284

907 Lokrum the Magician (level 7, -8/52 HPs)
             Began as a Mummy Skald on July 27, 2019.
             Was an Initiate of Vehumet.
             Mangled by an ogre
             ... wielding a +0 giant club
              (26 damage)
             ... on level 6 of the Dungeon on July 28, 2019.
             The game lasted 01:23:17 (5016 turns).

Lokrum the Magician (Mummy Skald)                   Turns: 5016, Time: 01:23:17

Health: -8/52      AC:  7    Str: 16    XL:     7   Next: 81%
Magic:  4/14       EV: 11    Int: 13    God:    Vehumet [......]
Gold:   290        SH:  4    Dex: 11    Spells: 1/15 levels left

rFire    x . .     SeeInvis .   a - +0 morningstar
rCold    + . .     Gourm    .   f - +0 buckler
rNeg     + + +     Faith    .   n - +3 leather armour
rPois    ∞         Spirit   .   (no helmet)
rElec    .         Reflect  .   (no cloak)
rCorr    .         Harm     .   (no gloves)
MR       .....                  j - +0 pair of boots
Stlth    ++........             (no amulet)
HPRegen  0.17/turn              (no ring)
MPRegen  0.14/turn              (no ring)

@: shrouded, very slightly contaminated
A: no food or potions, fire vulnerability, cold resistance 1, negative energy
resistance 3, torment resistance, unbreathing
a: Renounce Religion


You were on level 6 of the Dungeon.
You worshipped Vehumet.
Vehumet was noncommittal.
You were not hungry.

You visited 1 branch of the dungeon, and saw 6 of its levels.

You collected 290 gold pieces.

Inventory:

Hand Weapons
 a - a +0 morningstar (weapon)
 b - a +0 hunting sling
 p - a +2 mace of protection
Missiles
 c - 182 stones (quivered)
Armour
 f - a +0 buckler (worn)
 j - a +0 pair of boots (worn)
 k - a +0 scale mail
 n - a +3 leather armour (worn)
Scrolls
 d - 2 scrolls of teleportation
 e - a scroll of remove curse
 i - a scroll of amnesia
 m - 2 scrolls of enchant armour {unknown}
 o - a scroll of acquirement {unknown}


   Skills:
 - Level 3.0 Fighting
 - Level 2.0 Maces & Flails
 - Level 2.0 Slings
 - Level 2.0 Armour
 - Level 2.0 Dodging
 - Level 2.0 Stealth
 - Level 2.0 Shields
 - Level 4.8 Spellcasting
 + Level 0.6 Conjurations
   Level 2.3 Hexes
 - Level 2.4 Charms
 - Level 2.0 Translocations
 + Level 0.6 Air Magic
 + Level 0.6 Poison Magic
   Level 2.1 Evocations


You had one spell level left.
You knew the following spells:

 Your Spells              Type           Power        Failure   Level  Hunger
a - Infusion              Chrm           #...         11%         1    N/A
b - Shroud of Golubria    Chrm/Tloc      #.........   19%         2    N/A
c - Song of Slaying       Chrm           #.......     17%         2    N/A
d - Poisonous Vapours     Pois/Air       #.....       34%         2    N/A
e - Mephitic Cloud        Conj/Pois/Air  #.......     56%         3    N/A
f - Olgreb's Toxic Radia  Pois           #.......     92%         4    N/A

Your spell library contained the following spells:

 Spells                   Type           Power        Failure   Level  Hunger
 Sting                    Conj/Pois      #...         22%         1    N/A
 Spectral Weapon          Hex/Chrm       #.......     32%         3    N/A
 Venom Bolt               Conj/Pois      #.........   99%         5    N/A
 Regeneration             Chrm/Necr      Unusable     N/A         3    N/A

Dungeon Overview and Level Annotations

Branches:
Dungeon (6/15)             Temple (0/1) D:4

Altars:
Fedhas
Vehumet
Xom


Innate Abilities, Weirdness & Mutations

You do not eat or drink.
Your flesh is vulnerable to fire.
You are immune to poison.
Your flesh is cold resistant. (rC+)
You are immune to negative energy. (rN+++)
You are immune to unholy pain and torment.
You can survive without breathing.


Message History

You puncture the bullfrog zombie!
You destroy the bullfrog zombie!
Vehumet accepts your kill.
You sock the ogre!
The ogre is moderately wounded.
The ogre hits you with a +0 giant club! The ogre closely misses you.
Casting: Infusion (safe; 11% risk of failure)
Confirm with . or Enter, or press ? or * to list all spells.
You miscast Infusion.
Nothing appears to happen.
Casting: Infusion (safe; 11% risk of failure)
Confirm with . or Enter, or press ? or * to list all spells.
Space distorts slightly along a thin shroud covering your body.
The ogre hits you with a +0 giant club!
Your shroud falls apart!
Casting: Shroud of Golubria (safe; 19% risk of failure)
Confirm with . or Enter, or press ? or * to list all spells.
Space distorts slightly along a thin shroud covering your body.
The ogre hits you with a +0 giant club!!
Ouch! That really hurt!
You die...

##.#.#
###..#####
#.#.# #.......
##.#%#
##.#####
#.###...(# #.#
# #......((#
#.# #
#####.<.## #.#
# . ##)## #.#
# (...####.#
#.# #
(.(..(O@.# #.
# .##.###### #
# # #### # #.!
#
###.##########
#.............
#.#.##########


You could see an ogre.

Vanquished Creatures
  An ogre (D:4)
  A centaur (D:5)
  A scorpion (D:4)
  A crimson imp (D:5)
  A bullfrog zombie (D:6)
  A quasit (D:5)
  2 orc priests (D:5)
  A centaur skeleton (D:4)
  5 orc wizards
  A bullfrog skeleton (D:5)
  3 worker ants
  A hound zombie (D:6)
  A hound skeleton (D:5)
  12 adders
  2 shadow imps (D:5)
  An adder skeleton (D:4)
  3 worms
  2 dart slugs (D:2)
  4 leopard geckos
  18 orcs
  7 bats
  4 giant cockroaches
  6 goblins
  5 hobgoblins
  6 jackals
  4 quokkas
  3 ball pythons
  6 frilled lizards
  7 kobolds
  3 rats
113 creatures vanquished.

Notes
Turn   | Place    | Note
-------+----------+-------------------------------------------
     0 | D:1      | Lokrum the Mummy Skald began the quest for the Orb.
     0 | D:1      | Reached XP level 1. HP: 16/16 MP: 4/4
   109 | D:1      | Reached skill level 1 in Stealth
   262 | D:1      | Reached skill level 1 in Armour
   336 | D:1      | Reached XP level 2. HP: 22/22 MP: 0/5
   340 | D:1      | Learned a level 2 spell: Shroud of Golubria
   540 | D:1      | Learned a level 2 spell: Song of Slaying
   926 | D:2      | Found a blossoming altar of Fedhas.
  1071 | D:2      | Reached XP level 3. HP: 27/27 MP: 1/7
  1072 | D:2      | Reached skill level 1 in Slings
  1072 | D:2      | Reached skill level 1 in Translocations
  1101 | D:2      | Reached skill level 3 in Spellcasting
  1110 | D:2      | Learned a level 3 spell: Spectral Weapon
  1202 | D:2      | Reached skill level 1 in Hexes
  1464 | D:3      | Reached XP level 4. HP: 27/33 MP: 3/8
  1791 | D:3      | Reached skill level 1 in Shields
  1983 | D:3      | Reached XP level 5. HP: 36/38 MP: 7/9
  2453 | D:4      | Found a staircase to the Ecumenical Temple.
  2463 | D:4      | Noticed an ogre
  2472 | D:4      | Killed an ogre
  2509 | D:4      | Reached XP level 6. HP: 33/44 MP: 7/10
  3446 | D:5      | Entered Level 5 of the Dungeon
  3451 | D:5      | Reached XP level 7. HP: 30/50 MP: 12/12
  3587 | D:5      | Reached skill level 4 in Spellcasting
  3886 | D:5      | Found a radiant altar of Vehumet.
  3891 | D:5      | Became a worshipper of Vehumet
  4538 | D:6      | Found a shimmering altar of Xom.
  4553 | D:6      | HP: 2/52 [killer bee (8)]
  4878 | D:6      | Learned a level 3 spell: Mephitic Cloud
  4883 | D:6      | Learned a level 4 spell: Olgreb's Toxic Radiance
  4887 | D:6      | Learned a level 2 spell: Poisonous Vapours
  5016 | D:6      | Mangled by an ogre

Skill      XL: |  1  2  3  4  5  6  7 |
---------------+----------------------+-----
Stealth        | 1 2 |  2.0
Armour         | 1 2 |  2.0
Slings         | 1 2 |  2.0
Translocations | 1 2 |  2.0
Spellcasting   | 3 4 |  4.8
Hexes          | 1 2 |  2.3
Shields        | 1 2 |  2.0
Evocations     | 2 |  2.1
Maces & Flails | 2 |  2.0
Dodging        | 2 |  2.0
Fighting       | 3 |  3.0
Conjurations   | |  0.6
Charms         | |  2.4
Air Magic      | |  0.6
Poison Magic   | |  0.6

Action                   |  1- 3 |  4- 6 |  7- 9 || total
-------------------------+-------+-------+-------++-------
Melee: Mace              |   103 |    54 |       ||   157
       Morningstar       |       |   145 |   114 ||   259
 Fire: Hunting sling     |    41 |    62 |    47 ||   150
 Cast: Infusion          |    23 |    27 |    22 ||    72
       Shroud of Golubri |       |       |     5 ||     5
       Song of Slaying   |       |       |     3 ||     3
Evoke: Wand              |       |     5 |     4 ||     9
  Use: Scroll            |     1 |     7 |     6 ||    14
Armor: Ring mail         |    60 |    50 |       ||   110
       Leather armour    |     1 |    52 |    59 ||   112
Dodge: Dodged            |    62 |   136 |    83 ||   281
Block: Buckler           |       |    41 |    50 ||    91
